 Dungeon Crawl Stone Soup version 0.29-a0-384-g6960b1960d (webtiles) character file.

Game seed: 244359006651605441

51 Hubjo the Firebug (level 3, -1/30 HPs)
             Began as a Deep Elf Fire Elementalist on May 6, 2022.
             Was a Believer of Kikubaaqudgha.
             Slain by a black bear (2 damage)
             ... on level 2 of the Dungeon.
             The game lasted 00:01:55 (2099 turns).

Hubjo the Firebug (Deep Elf Fire Elementalist)      Turns: 2099, Time: 00:01:57

Health: -1/30      AC:  3    Str:  3 (5)  XL:     3   Next: 57%
Magic:  6/9        EV: 12    Int: 17 (19) God:    Kikubaaqudgha [**....]
Gold:   94         SH:  0    Dex: 14 (17) Spells: 7/8 levels left

rFire   . . .      SeeInvis .   e - +2 falchion (holy)
rCold   . . .      Faith    .   (no shield)
rNeg    . . .      Spirit   .   a - +1 robe
rPois   .          Reflect  .   (no helmet)
rElec   .          Harm     .   (no cloak)
rCorr   .          Rampage  .   (no gloves)
Will    .....                   (no boots)
Stlth   ..........              (no amulet)
HPRegen 0.10/turn               (no ring)
MPRegen 0.11/turn               (no ring)

@: berserking, very quick
A: no striking features
a: Renounce Religion, Receive Corpses


You were on level 2 of the Dungeon.
You worshipped Kikubaaqudgha.
Kikubaaqudgha was pleased with you.
You visited 1 branch of the dungeon, and saw 2 of its levels.

You collected 94 gold pieces.

Inventory:

Hand Weapons
 e - a +2 falchion of holy wrath (weapon)
Armour
 a - a +1 robe (worn)
Scrolls
 c - a scroll of identify {unknown}
 d - 2 scrolls of teleportation {unknown}
Potions
 b - a potion of magic
 h - a potion of curing {unknown}
 j - 2 potions of degeneration
 k - a potion of resistance {unknown}
 l - a potion of invisibility {unknown}
 m - a potion of flight {unknown}
 n - a potion of berserk rage


   Skills:
 * Level 1.4 Fighting
 - Level 2.4 Dodging
 + Level 3.1 Stealth
 + Level 3.4 Spellcasting
 - Level 1.1 Conjurations
 + Level 0.8 Necromancy
 + Level 3.7 Fire Magic


You had 7 spell levels left.
You knew the following spells:

 Your Spells              Type           Power      Damage    Failure   Level
a - Foxfire               Conj/Fire      44%        2x1d6     6%          1

Your spell library contained the following spells:

 Spells                   Type           Power      Damage    Failure   Level
 Scorch                   Fire           30%        2d7       5%          2
 Animate Skeleton         Necr           10%        N/A       12%         1
 Sandblast                Erth           4%         2d4       17%         1
 Sublimation of Blood     Necr           5%         N/A       19%         2
 Conjure Flame            Conj/Fire      11%        6-21      19%         3
 Corpse Rot               Necr/Air       8%         N/A       22%         2
 Inner Flame              Hex/Fire       9%         N/A       24%         3
 Passwall                 Tmut/Erth      1%         N/A       26%         2
 Dazzling Flash           Conj/Hex       8%         N/A       36%         3
 Stone Arrow              Conj/Erth      8%         3d7       36%         3
 Flame Wave               Conj/Fire      11%        2d5       52%         4
 Iskenderun's Mystic Bla  Conj/Tloc      4%         2d3       78%         4
 Agony                    Necr           5%         N/A       97%         5
 Starburst                Conj/Fire      5%         6d4       100%        6


Dungeon Overview and Level Annotations

Branches:
Dungeon (2/15)

Altars:
Kikubaaqudgha


Message History

There is not enough space to conjure foxfire!
The foxfire hits the black bear.
The black bear is lightly wounded.
You conjure some foxfire!
The foxfire hits the black bear.
The black bear is lightly wounded.
You conjure some foxfire!
The black bear bites you. The black bear claws you. x2
As you read the scroll labelled ADDOOG AGAN, it crumbles to dust.
The scroll dissolves into smoke.
It was a scroll of fog.
The black bear completely misses you. The black bear misses you.
The black bear barely misses you.
As you read the scroll labelled UGOCOST KIMPI, it crumbles to dust.
You hear a loud clanging noise!
It was a scroll of noise.
You hear an angry hiss.
The black bear barely misses you.
The black bear claws you but does no damage.
The black bear claws you.
As you read the scroll labelled BIWYIW IJI, it crumbles to dust.
It is a scroll of enchant armour.
Your +0 robe glows green for a moment.
The black bear bites you.
* * * LOW HITPOINT WARNING * * *
The black bear claws you.
* * * LOW HITPOINT WARNING * * *
The black bear misses you.
It was a potion of degeneration.
There was something very wrong with that liquid.
You feel weakened.
You feel dopey.
You feel clumsy. The black bear barely misses you. The black bear claws you.
* * * LOW HITPOINT WARNING * * *
The black bear claws you.
* * * LOW HITPOINT WARNING * * *
It was a potion of berserk rage.
A red film seems to cover your vision as you go berserk!
You feel yourself moving faster!
You feel mighty! The black bear bites you.
* * * LOW HITPOINT WARNING * * *
The black bear claws you but does no damage.
The black bear claws you.
You die...
Kikubaaqudgha rasps: "You have failed me!
Welcome... death!"

.# ##...######.#####............
.####..#........##...............
.##...######.....................
....### ##.####...............
#.### #..# #................ #.#
#.## #.###.##.#....... #.# # #.
#§# #.##.#.##...# #.# #...####§#
#.#. ###.. #.# .##.§h@v# . ##.
#.# #.[.##### # ##.. #.# ..[ #.
#..# ..( # #. ###.## #.###.†.#
...##..#..### #......##
....###.## . #.#


You could see a black bear (ally target).

Vanquished Creatures
  A gnoll (D:1)
  A dart slug (D:1)
  2 ball pythons
  3 bats (D:1)
  3 endoplasms (D:1)
  6 goblins
  6 hobgoblins (D:1)
  3 jackals (D:1)
  A quokka (D:1)
  A frilled lizard (D:1)
  3 kobolds (D:1)
  2 rats (D:1)
32 creatures vanquished.

Vanquished Creatures (others)
  161 foxfires
161 creatures vanquished.

Grand Total: 193 creatures vanquished

Notes
Turn   | Place    | Note
-------+----------+-------------------------------------------
     0 | D:1      | Hubjo the Deep Elf Fire Elementalist began the quest for
                  | the Orb.
     0 | D:1      | Reached XP level 1. HP: 10/10 MP: 6/6
   264 | D:1      | Reached XP level 2. HP: 16/16 MP: 2/8
   412 | D:1      | Found a faded altar of an unknown god.
   425 | D:1      | Prayed at the altar of an unknown god.
   425 | D:1      | Became a worshipper of Kikubaaqudgha
   425 | D:1      | Reached * piety under Kikubaaqudgha
   425 | D:1      | Received a gift from Kikubaaqudgha
   434 | D:1      | Reached skill level 1 in Fighting
   820 | D:1      | Reached XP level 3. HP: 20/20 MP: 6/9
  1326 | D:1      | Reached ** piety under Kikubaaqudgha
  2088 | D:2      | Noticed a black bear
  2098 | D:2      | HP: 1/20 [black bear (1)]
  2099 | D:2      | Slain by a black bear

Illustrated notes

Levels and vault maps discovered:
D:1:      arrival_zaba_pyramid, layout_basic, shapermc_ecumenical_altar_venn,
          skrybe_limestone_x, minmay_pentomino_v2
D:2:      layout_rooms

Skill      XL: |  1  2 |
---------------+-------+-----
Fighting       | 1 |  1.4
Stealth        | 3 |  3.1
Dodging        | |  2.4
Spellcasting   | |  3.4
Conjurations   | |  1.1
Necromancy     | |  0.8
Fire Magic     | |  3.7

Action                   || total
-------------------------++-------
Melee: Falchion          ||    19
 Cast: Foxfire           ||   103
  Use: Scroll            ||     3
       Potion            ||     2
Armor: Robe              ||    10
Dodge: Dodged            ||    24

Table legend: (Time is in decaauts)
 A = Elapsed time spent in this place.
 B = Non-inter-level travel time spent in this place.
 C = Inter-level travel time spent in this place.
 D = Time resting spent in this place.
 E = Time spent auto-exploring this place.
 F = Levels seen in this place.
 G = Mean time per level.
                   A        B        C        D        E       F      G
               +--------+--------+--------+--------+--------+-----+--------+
         Total |   2103 |   2073 |     30 |      0 |   1853 |   2 | 1051.5 |
       Dungeon |   2103 |   2073 |     30 |      0 |   1853 |   2 | 1051.5 |
               +--------+--------+--------+--------+--------+-----+--------+

Top non-repeatable levels by time:
     D:1: 1797 daAuts
     D:2: 306 daAuts
